Map: Pillars of Gold LE

Players

JonSnow - Winner!

  • Race: Zerg Zerg
  • League: Master
  • Spawn Location: 7:00

jheffe

  • Race: Terran Terran
  • League: Master
  • Spawn Location: 1:00

Event: DreamHack SC2 Masters 2020 Summer North America

VOD

Have the link to the VOD?

Description

Time

  • Played on: July 3, 2020, 5:30 p.m.
  • Length: 9:22

All games in this series

Show
View Real Time Build Order
Export as new Build Order

JonSnow Zerg - Winner!

Build Orders: Hatch First 

Get SALT Encoding   

  12  0:00  Drone  
  13  0:12  Overlord  
  13  0:18  Drone  
  14  0:31  Drone x2  
  16  0:51  Hatchery  
  16  0:54  Drone  
  16  0:59  Drone  
  16  1:03  Drone  
  18  1:12  Extractor  
  18  1:17  Spawning Pool  
  16  1:22  Drone  
  16  1:24  Drone  
  18  1:29  Drone  
  19  1:39  Drone  
  20  1:50  Overlord  
  20  2:04  Queen x2  
  20  2:05  Zergling x2  
  20  2:07  Zergling x2  
  26  2:13  Drone  
  26  2:15  Drone  
  28  2:32  Hatchery  
  26  2:38  Zergling x2  
  26  2:45  Metabolic Boost  
  26  2:48  Queen  
  28  2:51  Drone  
  28  2:56  Drone x2  
  31  3:04  Overlord  
  31  3:05  Drone  
  32  3:07  Drone  
  33  3:13  Drone x2  
  35  3:20  Overlord  
  35  3:22  Drone  
  35  3:23  Drone  
  35  3:26  Drone  
  38  3:31  Queen  
  40  3:34  Drone  
  40  3:40  Drone  
  40  3:41  Drone x2  
  44  3:49  Overlord  
  44  3:51  Queen  
  44  3:55  Drone x3  
  49  3:59  Drone x2  
  51  4:08  Drone x5  
  56  4:11  Drone  
  56  4:14  Drone  
  58  4:17  Drone  
  58  4:18  Drone  
  60  4:25  Drone  
  60  4:27  Drone x3, Lair  
  60  4:28  Drone  
  60  4:30  Extractor x2  
  63  4:33  Drone  
  63  4:36  Roach Warren  
  63  4:41  Drone x2  
  63  4:42  Overlord  
  63  4:45  Overlord  
  65  4:46  Evolution Chamber  
  65  4:48  Extractor  
  65  4:49  Extractor  
  65  4:52  Drone x2  
  64  4:53  Drone  
  64  4:55  Overlord  
  65  5:00  Drone x7  
  65  5:05  Spore Crawler  
  65  5:06  Drone, Spore Crawler  
  71  5:10  Spore Crawler  
  70  5:15  Drone x3  
  71  5:24  Overlord  
  67  5:29  Drone x2  
  67  5:30  Drone x5  
  67  5:31  Glial Reconstitution  
  67  5:32  Zerg Ground Armor Level 1  
  67  5:33  Drone  
  73  5:37  Drone x2, Extractor  
  74  5:43  Roach x3  
  74  5:45  Roach  
  74  5:47  Overseer  
  82  5:51  Drone x2  
  82  5:55  Roach x2  
  88  6:01  Evolution Chamber  
  87  6:04  Hatchery  
  87  6:05  Roach  
  87  6:06  Roach  
  87  6:08  Overlord  
  87  6:10  Drone x2  
  92  6:12  Roach  
  92  6:17  Roach x2  
  98  6:23  Overlord x3  
  98  6:27  Zerg Missile Weapons Level 1  
  98  6:28  Ravager x3  
  98  6:29  Ravager  
  98  6:30  Roach  
  98  6:31  Roach  
  106  6:36  Overseer  
  106  6:37  Overlord  
  106  6:41  Roach x4  
  106  6:46  Roach x3  
  120  6:53  Queen  
  118  6:57  Roach x4  
  118  6:59  Queen  
  128  7:06  Queen  
  129  7:08  Roach x2  
  129  7:09  Roach  
  129  7:10  Roach  
  129  7:13  Drone  
  129  7:15  Overlord x2  
  134  7:21  Overseer  
  134  7:30  Roach x5  
  134  7:35  Roach x3  
  150  7:38  Roach  
  150  7:39  Roach x3  
  158  7:47  Roach  
  160  7:54  Overlord x4  
  160  7:55  Overlord  
  160  8:09  Roach x2  
  176  8:12  Roach x4  
  176  8:13  Roach x4  
  176  8:15  Roach  
  176  8:16  Roach x3  
  182  8:20  Ravager x9  
  182  8:21  Ravager  
  192  8:27  Roach x4  
  200  8:49  Overlord  
  200  9:00  Overlord  
Show
View Real Time Build Order
Export as new Build Order

jheffe Terran 

Build Orders: Reaper Expand 

Get SALT Encoding   

  12  0:00  SCV  
  13  0:12  SCV  
  14  0:17  Supply Depot  
  14  0:24  SCV  
  15  0:39  SCV  
  15  0:40  Barracks  
  16  0:44  Refinery  
  16  0:51  SCV  
  17  1:03  SCV  
  18  1:15  SCV  
  19  1:28  Reaper  
  19  1:29  Orbital Command  
  20  1:42  Command Center  
  20  1:51  Supply Depot  
  20  1:54  SCV  
  20  2:00  Marine  
  22  2:06  SCV  
  23  2:10  Factory  
  23  2:14  Refinery  
  23  2:18  Marine  
  23  2:20  SCV  
  25  2:32  SCV  
  26  2:44  SCV  
  26  2:45  Barracks Reactor  
  27  2:55  Orbital Command  
  27  2:56  Starport  
  27  2:57  SCV  
  28  3:09  SCV  
  29  3:13  Command Center  
  29  3:23  SCV x2  
  29  3:26  Hellion  
  33  3:30  Hellion  
  35  3:35  SCV  
  35  3:37  Starport Tech Lab  
  35  3:39  SCV  
  37  3:47  SCV  
  38  3:51  SCV  
  38  3:53  Barracks  
  39  3:59  SCV  
  39  4:00  Cloaking Field, Barracks  
  39  4:02  Factory Reactor  
  40  4:04  Barracks Tech Lab  
  40  4:05  Banshee  
  40  4:09  SCV  
  44  4:14  SCV  
  45  4:21  SCV  
  46  4:25  Stimpack, Orbital Command  
  46  4:26  SCV  
  47  4:33  SCV  
  47  4:38  Engineering Bay  
  48  4:39  Engineering Bay, SCV  
  48  4:44  Factory Reactor  
  48  4:45  Refinery x2, SCV  
  50  4:46  Supply Depot  
  50  4:50  Banshee  
  50  4:52  SCV  
  53  5:00  SCV  
  53  5:02  Marine x4  
  53  5:05  Supply Depot  
  53  5:07  Terran Infantry Weapons Level 1  
  58  5:10  Terran Infantry Armor Level 1  
  58  5:11  SCV  
  58  5:12  Marine  
  60  5:25  Marine x2  
  61  5:32  SCV  
  61  5:35  Orbital Command, SCV  
  62  5:42  Marine x3  
  62  5:44  SCV  
  62  5:45  Supply Depot  
  62  5:47  Marine x2, SCV, Barracks  
  62  5:48  Medivac x2, Barracks  
  73  5:56  SCV  
  74  5:57  Supply Depot  
  74  5:58  Siege Tank, Supply Depot  
  77  6:07  Marine, SCV x2  
  77  6:10  SCV  
  81  6:12  Missile Turret  
  81  6:14  Missile Turret  
  81  6:23  Supply Depot  
  81  6:27  Marine x4, Medivac  
  81  6:28  Combat Shield, Medivac  
  81  6:30  SCV  
  81  6:31  SCV x2  
  92  6:34  Missile Turret  
  92  6:36  Barracks Reactor  
  92  6:37  Barracks Reactor  
  92  6:42  SCV  
  92  6:43  Armory, SCV  
  92  6:46  Marine x2  
  91  6:57  Siege Tank, Marine  
  91  6:58  SCV  
  91  6:59  SCV  
  97  7:02  Refinery x2, SCV  
  96  7:10  SCV  
  96  7:11  SCV  
  96  7:14  SCV  
  98  7:16  Supply Depot  
  98  7:17  Supply Depot  
  98  7:18  Marine x7  
  98  7:19  Marine  
  106  7:23  SCV x2  
  106  7:26  SCV  
  109  7:30  Factory  
  109  7:35  SCV  
  110  7:37  Marine x6  
  110  7:38  Marine  
  110  7:41  Siege Tank  
  120  7:44  SCV x2  
  120  7:50  SCV  
  123  7:56  Supply Depot  
  123  7:59  Supply Depot  
  123  8:01  Supply Depot  
  122  8:13  Marine x7  
  122  8:14  Marine  
  122  8:16  Medivac  
  132  8:26  Sensor Tower  
  132  8:28  Marine  
  132  8:30  Marine  
  132  8:31  Marine x2  
  134  8:37  Marine x3  
  134  8:38  Marine x2  
  139  8:46  Marine, Factory Tech Lab  
  137  8:48  Marine x2  
  137  8:49  Marine  
  137  8:54  Command Center  
  137  8:55  Marine x3  
  138  8:56  Marine x2  
  140  9:04  Marine  
Tags
 
Add a new tag
Caveats
  • Supply blocks, unpowered buildings, or Contaminate may cause inaccurate times.
  • Supply counts are checked every 10 seconds.